 Dungeon Crawl Stone Soup version 0.19-a0-1170-g18f0c96 (webtiles) character file.

4638 Rhoefr the Spear-Bearer (level 10, 0/92 (93) HPs)
             Began as a Hill Orc Fighter on Aug 17, 2016.
             Was a Believer of Beogh.
             Slain by a yak (7 damage)
             ... on level 9 of the Dungeon.
             The game lasted 00:34:06 (10277 turns).

Rhoefr the Spear-Bearer (Hill Orc Fighter)         Turns: 10277, Time: 00:34:07

HP:   0/92 (93)     AC: 12    Str: 20    XL:     10   Next: 43%
MP:   10/10         EV:  7    Int: 11    God:    Beogh [**....]
Gold: 641           SH: 10    Dex: 13    Spells: 1 memorised, 8 levels left

rFire  . . .     SeeInvis .     a - +0 trident
rCold  . . .     Gourm    .     K - +1 scale mail {MR+}
rNeg   . . .     Faith    .     c - +0 shield
rPois  .         Spirit   .     B - +0 helmet
rElec  .         Dismiss  .     m - +0 cloak
rCorr  .         Reflect  .     (no gloves)
MR     +....     Harm     .     j - +0 pair of boots
Stlth  ..........               A - amulet of rage
                                (no ring)
                                e - +3 ring of intelligence

@: heavily drained
A: no striking features
a: Smiting, Renounce Religion, Evoke Berserk Rage


You were on level 9 of the Dungeon.
You worshipped Beogh.
Beogh was pleased with you.
You were very hungry.

You visited 2 branches of the dungeon, and saw 10 of its levels.
You also visited: Ossuary.

You collected 641 gold pieces.

Inventory:

Hand Weapons
 a - a +0 trident (weapon)
Missiles
 S - 3 javelins (quivered)
Armour
 c - a +0 shield (worn)
 j - a +0 pair of boots (worn)
 m - a +0 cloak (worn)
 B - a +0 helmet (worn)
 K - a +1 scale mail of magic resistance (worn)
 N - a +1 leather armour of cold resistance
 W - a troll hide
Magical Staves
 Q - an uncursed staff of air
Jewellery
 e - a +3 ring of intelligence (left hand)
 v - an uncursed ring of fire
 A - an amulet of rage (around neck)
 M - a +4 ring of dexterity {unknown}
Wands
 d - a wand of digging (10/24)
 J - a wand of flame (20/48)
 P - a wand of iceblast (4/15)
 T - a wand of acid (9/15)
Scrolls
 b - 3 scrolls of recharging {unknown}
 l - 3 scrolls of teleportation
 o - a scroll of noise {unknown}
 p - 4 scrolls of random uselessness
 u - a scroll of remove curse
 w - 2 scrolls of immolation {unknown}
 x - a scroll of amnesia {unknown}
 y - 4 scrolls of fog
 z - a scroll of fear {unknown}
 C - a scroll of enchant armour {unknown}
 D - a scroll of enchant weapon {unknown}
 E - 3 scrolls of blinking {unknown}
 G - 5 scrolls of identify
 L - a scroll of magic mapping {unknown}
Potions
 h - 5 potions of curing {unknown}
 i - 2 potions of magic
 k - 2 potions of ambrosia
 n - 5 potions of brilliance {unknown}
 q - 2 potions of berserk rage {unknown}
 s - a potion of heal wounds
 t - 2 potions of invisibility {unknown}
 F - a potion of beneficial mutation {unknown}
 H - 4 potions of flight {unknown}
 I - a potion of haste {unknown}
 V - 3 potions of cure mutation {unknown}
Books
 r - a book of the Tempests

   Spells                             Type                      Level
   a - Static Discharge               Conjuration/Air              3
   b - Lightning Bolt                 Conjuration/Air              5
   c - Fireball                       Conjuration/Fire             5
   d - Tornado                        Air                          9
   e - Shatter                        Earth                        9
 R - a book of Party Tricks

   Spells                             Type                      Level
   a - Summon Butterflies             Summoning                    1
   b - Apportation                    Translocation                1
   c - Tukima's Dance                 Hexes                        3
   d - Alistair's Intoxication        Transmutation/Poison         5
   e - Invisibility                   Hexes                        6
Comestibles
 f - 4 bread rations
 g - 6 meat rations
 O - 2 beef jerkies


   Skills:
 + Level 10.1(8.2) Fighting
 * Level 12.3(10.3) Polearms
 + Level 5.6(4.0) Armour
 + Level 5.5(3.8) Shields


You had 8 spell levels left.
You knew the following spells:

 Your Spells              Type           Power        Failure   Level  Hunger
a - Apportation           Tloc           #.........   100%        1    ##.....


Dungeon Overview and Level Annotations

Branches:
Dungeon (9/15)             Temple (1/1) D:4
   Lair: D:8-11         Orc: D:9-12

Altars:
Ashenzari
Cheibriados
Dithmenos
Elyvilon
Fedhas
Gozag
Hepliaklqana
Kikubaaqudgha
Makhleb
Nemelex Xobeh
Okawaru
Pakellas
Qazlal
Ru
Sif Muna
Trog
Uskayaw
Vehumet
Xom
Yredelemnul
Zin
The Shining One


Message History

You hit the yak but do no damage.
The yak is moderately wounded.
The yak gores you! x2; The yak barely misses you.
You block the yak's attack.
You hit the yak.
The yak is heavily wounded.
The yak gores you. The yak gores you!
* * * LOW HITPOINT WARNING * * *
The yak gores you!
* * * LOW HITPOINT WARNING * * *
You block the yak's attack.
You are too injured to fight recklessly!
You are too injured to fight recklessly!
You are too injured to fight recklessly!
Unknown command.
Unknown command.
Unknown command.
You block the yak's attack. x2; The yak gores you.
* * * LOW HITPOINT WARNING * * *
The yak gores you!
You die...

..........# ........(.#
........<.# .......<..#
.......รท..# .. ##
#######.).# ..#
#..####..####)###..#
#.....YY.............
#.....@Y..)..........
#.....Y.............. #
###..##..###..##...##
#.########).###.)##...#
.........)..............
.........)..............
.......................
.............<.........
.......................


You could see 4 yaks.

Vanquished Creatures
  Pikel (D:5)
  A troll (D:8)
  A yak (D:9)
  Duvessa (D:5)
  A water moccasin (D:5)
  3 orc warriors (D:6)
  2 sky beasts
  An eye of draining (D:9)
  3 ice beasts
  A phantom (D:7)
  2 ogres
  A necrophage (D:6)
  The ghost of eragonby the Conjurer, an amateur DrCj of Sif Muna (D:3)
  3 centaurs
  A gnoll sergeant (D:6)
  4 giant frogs
  An elf skeleton (D:5)
  Dowan (D:5)
  2 scorpions
  10 wights
  2 howler monkeys (D:7)
  A giant frog zombie (D:6)
  A crimson imp (D:8)
  A quasit (D:7)
  3 orc priests
  A centaur skeleton (D:4)
  3 hounds
  4 orc wizards
  A giant frog skeleton (D:9)
  3 iguanas
  3 human skeletons (D:5)
  A statue (D:7)
  4 worker ants
  A hound skeleton (D:4)
  2 mummies (Ossuary)
  11 gnolls
  A howler monkey zombie (D:6)
  12 adders
  A shadow imp (D:6)
  2 adder skeletons
  2 adder zombies
  7 worms
  A dart slug (D:2)
  5 giant geckos
  27 orcs
  6 bats
  3 giant cockroaches
  A gnoll zombie (Ossuary)
  6 goblins
  5 hobgoblins
  22 jackals
  11 kobolds
  4 quokkas
  A giant cockroach zombie (D:6)
  11 giant newts
  3 gnoll skeletons (Ossuary)
  6 goblin skeletons (Ossuary)
  2 goblin zombies (Ossuary)
  3 hobgoblin skeletons (Ossuary)
  2 hobgoblin zombies (Ossuary)
  A jackal skeleton (D:8)
  A kobold zombie (Ossuary)
  4 orc skeletons
  6 orc zombies (Ossuary)
  10 rats
  4 rat zombies (Ossuary)
253 creatures vanquished.

Vanquished Creatures (others)
  Menkaure (D:5)
  A slave (D:5)
  A giant frog (D:6)
  An orc priest (D:6)
  2 mummies (Ossuary)
  A giant gecko (D:6)
  An orc (D:6)
  A giant cockroach (D:5)
  A gnoll skeleton (Ossuary)
  A goblin skeleton (Ossuary)
  2 hobgoblin zombies (Ossuary)
  A jackal skeleton (D:5)
  4 kobold skeletons (Ossuary)
  2 kobold zombies (Ossuary)
  An orc skeleton (Ossuary)
  3 orc zombies (Ossuary)
  4 rat skeletons (Ossuary)
  2 rat zombies (Ossuary)
30 creatures vanquished.

Grand Total: 283 creatures vanquished

Notes
Turn   | Place    | Note
-------+----------+-------------------------------------------
     0 | D:1      | Rhoefr the Hill Orc Fighter began the quest for the Orb.
     0 | D:1      | Reached XP level 1. HP: 19/19 MP: 1/1
    79 | D:1      | Reached XP level 2. HP: 24/27 MP: 2/2
   183 | D:1      | Reached skill level 3 in Polearms
   367 | D:1      | Reached XP level 3. HP: 33/33 MP: 3/3
   711 | D:2      | Reached skill level 4 in Polearms
   726 | D:2      | Reached XP level 4. HP: 41/41 MP: 4/4
  1408 | D:3      | Reached XP level 5. HP: 44/47 MP: 5/5
  1463 | D:3      | Found a basalt altar of Yredelemnul.
  1654 | D:3      | Noticed eragonby's ghost (amateur DrCj)
  1670 | D:3      | Killed eragonby's ghost
  1670 | D:3      | Reached skill level 5 in Fighting
  1670 | D:3      | Reached skill level 5 in Polearms
  2184 | D:3      | Found an iron altar of Okawaru.
  2188 | D:3      | Found a glowing silver altar of Zin.
  2217 | D:4      | Reached XP level 6. HP: 56/56 MP: 6/6
  2396 | D:4      | Reached skill level 6 in Polearms
  3080 | D:4      | Reached XP level 7. HP: 55/62 MP: 7/7
  3218 | D:4      | Found a staircase to the Ecumenical Temple.
  3281 | Temple   | Entered the Ecumenical Temple
  3541 | D:5      | Entered Level 5 of the Dungeon
  3551 | D:5      | Noticed Pikel
  3593 | D:5      | Killed Pikel
  3593 | D:5      | Reached skill level 8 in Polearms
  3593 | D:5      | Reached XP level 8. HP: 27/73 MP: 8/8
  3684 | D:5      | Killed Menkaure
  3806 | D:5      | Found a sand-covered staircase.
  3846 | Ossuary  | Entered an ossuary
  4428 | D:5      | Reached skill level 9 in Polearms
  4779 | D:5      | Noticed Duvessa
  4780 | D:5      | Noticed Dowan
  4784 | D:5      | Killed Duvessa
  4795 | D:5      | Killed Dowan
  5582 | D:5      | Found an oddly glowing altar of Pakellas.
  5721 | D:6      | Became a worshipper of Beogh the Brigand
  5778 | D:5      | Reached skill level 10 in Polearms
  5782 | D:5      | Reached XP level 9. HP: 26/82 MP: 9/9
  6242 | D:6      | Reached * piety under Beogh
  6552 | D:6      | Found a sparkling altar of Nemelex Xobeh.
  6664 | D:6      | Reached skill level 11 in Polearms
  7876 | D:6      | Reached ** piety under Beogh
  8298 | D:7      | Found a radiant altar of Vehumet.
  8562 | D:7      | Found a shattered altar of Ashenzari.
  8575 | D:7      | Reached XP level 10. HP: 72/91 MP: 10/10
  8786 | D:8      | Learned a level 1 spell: Apportation
  9126 | D:8      | Reached skill level 5 in Shields
  9362 | D:8      | Reached skill level 5 in Armour
  9570 | D:9      | Reached skill level 12 in Polearms
  9906 | D:9      | Reached skill level 10 in Fighting
 10277 | D:9      | Slain by a yak

Vault maps used:
D:1:      ncdulo_smallfort
D:2:      first_bread
D:3:      minmay_wonky_spiral, grunt_temple_overflow_open
D:4:      minmay_checkerbox
D:5:      nicolae_ossuary_entry_catacombs, minmay_misc_feat_hallway,
          gammafunk_pakellas_cloud_experiment, uniq_menkaure, uniq_duvessa,
          uniq_pikel
D:6:      nemelex_spade_bored_becter
D:7:      old_standard_altar, vehumet_statue, minmay_holes
D:8:      corexii_corridor_pit
D:9:      cheibriados_altar_1, uniq_maurice, uniq_joseph, uniq_psyche
Temple:   minmay_temple_bridge_d
Ossuary:  ossuary_due_pyramid

Skill      XL: |  1  2  3  4  5  6  7  8  9 10 |
---------------+-------------------------------+-----
Polearms       | 3 4 5 6 8 10 11 12 | 12.3
Fighting       | 4 5 7 8 9 10 | 10.1
Shields        | 4 5 |  5.5
Armour         | 4 5 |  5.6

Action                   |  1- 3 |  4- 6 |  7- 9 | 10-12 || total
-------------------------+-------+-------+-------+-------++-------
Melee: Trident           |   158 |   301 |   605 |   206 ||  1270
Invok: Convert to Beogh  |       |       |     1 |       ||     1
       Smiting           |       |       |       |     2 ||     2
  Use: Potion            |       |     2 |     4 |       ||     6
       Scroll            |       |     6 |     2 |       ||     8
  Eat: Chunk             |       |     8 |     8 |     2 ||    18
       Fruit             |       |       |     3 |     3 ||     6
       Beef jerky        |       |       |     1 |       ||     1
       Bread ration      |       |       |     1 |       ||     1
       Pizza             |       |       |     1 |       ||     1
Armor: Scale mail        |    74 |   103 |   198 |    65 ||   440
Dodge: Dodged            |    56 |    73 |   109 |    36 ||   274
Block: Shield            |    70 |   132 |   219 |    78 ||   499
